Map: Rhoskallian LE

Players

Massa - Winner!

  • Race: Terran Terran
  • League: Gold
  • Spawn Location: 6:00

qqq - Winner!

  • Race: Zerg Zerg
  • League: Platinum
  • Spawn Location: 5:00

MawrsarH

  • Race: Protoss Protoss
  • Spawn Location: 11:00

syila

  • Race: Terran Terran
  • League: Diamond
  • Spawn Location: 12:00

VOD

Have the link to the VOD?

Description

Time

  • Played on: July 26, 2020, 6:45 a.m.
  • Length: 17:08
Show
View Real Time Build Order
Export as new Build Order

Massa Terran - Winner!

Build Orders: Reaper Expand 

Get SALT Encoding   

  12  0:03  SCV  
  13  0:18  SCV, Supply Depot  
  14  0:30  SCV  
  15  0:40  Barracks  
  15  0:47  SCV  
  16  0:52  Refinery  
  16  0:59  SCV  
  17  1:11  SCV  
  18  1:23  SCV  
  19  1:37  Supply Depot  
  19  1:54  Reaper  
  19  1:57  Orbital Command  
  20  2:10  Command Center  
  19  2:25  SCV  
  19  2:26  Reaper  
  21  2:37  SCV  
  22  2:55  Barracks  
  22  2:58  Reaper  
  22  3:02  SCV  
  24  3:08  Supply Depot  
  24  3:14  SCV, Supply Depot  
  25  3:23  SCV  
  25  3:26  SCV  
  27  3:35  SCV  
  27  3:40  Barracks Tech Lab  
  28  3:48  SCV  
  29  4:00  SCV  
  29  4:12  SCV  
  28  4:33  Marauder  
  28  4:38  Stimpack  
  30  4:39  Barracks Tech Lab  
  30  4:42  Orbital Command, SCV  
  31  4:49  Barracks  
  31  4:51  Factory  
  31  4:54  SCV  
  31  4:55  Marauder  
  31  4:58  Engineering Bay  
  34  5:00  Refinery  
  34  5:03  Concussive Shells  
  34  5:05  Marauder  
  34  5:06  SCV  
  37  5:13  SCV  
  38  5:16  Marauder  
  38  5:18  SCV  
  41  5:25  SCV  
  41  5:26  Marauder  
  44  5:31  SCV  
  44  5:34  Terran Infantry Weapons Level 1  
  44  5:35  Engineering Bay  
  45  5:37  SCV  
  46  5:43  SCV, Factory Tech Lab  
  46  5:49  SCV  
  48  5:55  SCV  
  49  6:01  SCV  
  50  6:07  SCV  
  49  6:14  SCV  
  49  6:16  Missile Turret  
  50  6:20  Barracks Reactor  
  50  6:22  Command Center  
  50  6:28  Armory  
  50  6:30  Missile Turret  
  50  6:34  Starport  
  50  6:37  Missile Turret  
  50  6:40  Marauder x2  
  52  6:49  Refinery  
  52  6:50  Refinery  
  52  6:51  Missile Turret  
  48  6:57  Missile Turret  
  44  7:01  Marine  
  44  7:02  Marauder  
  44  7:06  Missile Turret  
  46  7:17  Missile Turret  
  46  7:19  SCV  
  46  7:20  SCV  
  48  7:24  Terran Infantry Armor Level 1  
  48  7:31  SCV  
  48  7:32  SCV  
  48  7:33  Widow Mine  
  48  7:36  Marauder x2, Marine  
  48  7:37  Marine  
  57  7:43  SCV  
  57  7:44  Orbital Command, SCV  
  59  7:49  Missile Turret  
  60  7:54  Widow Mine, Marine x2  
  60  7:55  SCV  
  60  7:56  SCV, Marine x2  
  68  8:03  Armory  
  68  8:07  SCV  
  68  8:08  SCV  
  68  8:10  Missile Turret  
  68  8:12  Marine x2  
  71  8:14  Marine x2  
  71  8:15  Siege Tank  
  77  8:32  Missile Turret  
  77  8:37  Marine x2  
  77  8:39  Marine x2  
  74  8:47  Widow Mine  
  64  8:54  Missile Turret  
  57  8:55  Marine x2  
  57  8:57  Marine x2  
  57  9:13  Marine  
  57  9:14  Marauder  
  57  9:15  Marauder, Marine  
  57  9:17  Orbital Command  
  63  9:20  Barracks  
  63  9:24  Terran Infantry Armor Level 2, Terran Infantry Weapons Level 2  
  63  9:26  Factory, Combat Shield  
  63  9:31  Marine  
  63  9:33  Marine  
  63  9:35  Marauder  
  63  9:36  Marauder  
  69  9:49  Marine  
  70  9:56  Marauder  
  70  9:57  Marine  
  70  9:58  Marauder  
  75  10:07  Marine, Siege Tank  
  73  10:15  Marine, Supply Depot  
  73  10:16  Supply Depot  
  73  10:17  Supply Depot  
  73  10:18  Marauder  
  73  10:19  Marauder  
  74  10:29  Orbital Command  
  74  10:35  Barracks Tech Lab  
  74  10:36  Marine  
  74  10:37  Marine  
  74  10:39  Marauder, Siege Tank  
  74  10:40  Marauder, Supply Depot  
  83  10:54  Marine  
  83  10:55  Marine  
  85  11:01  Marauder  
  85  11:02  Marauder  
  89  11:10  Marauder  
  91  11:12  Marine x2  
  93  11:22  Marauder  
  93  11:23  Marauder, Missile Turret  
  97  11:28  SCV  
  97  11:29  SCV  
  97  11:30  Marine x2  
  97  11:32  Marauder  
  103  11:43  Marauder, Missile Turret  
  103  11:45  Marauder  
  98  11:53  Marauder  
  100  12:05  Marauder  
  100  12:06  Marauder  
  104  12:14  Marauder  
  106  12:16  Marine x2  
  108  12:28  Marauder  
  108  12:32  Marauder  
  108  12:34  Marine x2  
  108  12:36  Marauder  
  98  12:50  Marauder  
  89  12:52  Marine x2  
  89  12:53  Marauder, Siege Tank  
  89  12:55  Terran Infantry Weapons Level 3, Terran Infantry Armor Level 3  
  89  12:57  Marauder  
  87  13:00  Terran Vehicle And Ship Armor Level 1, Terran Vehicle Weapons Level 1  
  87  13:09  Marine  
  87  13:10  Marine  
  87  13:11  Marauder  
  91  13:15  SCV x3, Marauder  
  91  13:18  Marauder  
  98  13:23  Command Center  
  98  13:25  Siege Tank  
  102  13:27  SCV x3, Marine  
  102  13:28  Marine  
  102  13:33  Marauder  
  104  13:36  Marauder  
  104  13:40  Marauder  
  98  13:45  Command Center  
  85  13:50  Marine  
  85  13:51  Marine  
  85  13:54  Marauder  
  89  13:57  Marauder  
  89  13:58  SCV x3  
  89  14:01  Marauder  
  91  14:08  Marine  
  91  14:09  Marine  
  93  14:10  SCV x3  
  93  14:15  Marauder  
  92  14:19  Marauder  
  92  14:22  SCV x3  
  92  14:23  Marauder  
  94  14:26  Marine x2  
  90  14:34  SCV x3  
  90  14:37  Marauder  
  95  14:40  Marauder  
  95  14:42  Siege Tank  
  95  14:44  Marauder, Marine x2  
  104  14:46  SCV x3  
  104  14:47  Orbital Command  
  107  14:58  SCV x2, Marauder  
  107  14:59  SCV  
  112  15:01  Marauder  
  112  15:02  Marine x2  
  112  15:05  Orbital Command, Marauder  
  118  15:10  SCV  
  118  15:11  SCV x2  
  118  15:13  Refinery  
  121  15:14  Siege Tank  
  121  15:15  Refinery  
  121  15:19  Marauder, Marine  
  121  15:20  Factory Tech Lab, Marine  
  128  15:22  SCV  
  128  15:23  SCV x2, Marauder  
  128  15:27  Marauder  
  135  15:34  SCV  
  135  15:35  SCV x2  
  133  15:37  Marine  
  133  15:38  Marine  
  133  15:41  Marauder  
  124  15:44  Marauder  
  124  15:46  SCV  
  124  15:47  SCV x2  
  124  15:48  Marauder  
  120  15:55  Marine x2  
  117  16:02  Marauder  
  115  16:06  Marauder  
  115  16:10  Marauder  
  111  16:13  Marine x2  
  111  16:14  Thor x2  
  123  16:24  Marauder, Supply Depot x3  
  123  16:25  Supply Depot  
  121  16:27  Marauder  
  121  16:31  Marauder  
  120  16:45  Marauder  
  122  16:48  Supply Depot x2  
  122  16:49  Supply Depot x2  
  126  16:59  Command Center  
Show
View Real Time Build Order
Export as new Build Order

qqq Zerg - Winner!

Build Orders: Hatch First, Lurkers 

Get SALT Encoding   

  12  0:02  Drone  
  13  0:09  Drone  
  14  0:39  Hatchery  
  13  0:45  Drone  
  14  0:57  Spawning Pool  
  13  1:04  Overlord  
  13  1:09  Drone  
  14  1:18  Overlord  
  14  1:21  Extractor  
  14  1:23  Drone  
  14  1:30  Drone  
  15  1:38  Drone  
  16  1:47  Queen  
  16  1:51  Drone  
  19  2:03  Drone  
  19  2:04  Drone  
  19  2:05  Drone  
  22  2:13  Queen  
  24  2:18  Drone  
  25  2:24  Drone x2  
  27  2:36  Drone, Roach Warren  
  27  2:40  Zergling x2  
  28  2:46  Metabolic Boost  
  28  2:49  Drone  
  29  2:55  Drone, Zergling x2  
  29  2:58  Drone  
  32  3:00  Zergling x2  
  32  3:02  Zergling x2  
  34  3:05  Zergling x2  
  34  3:08  Zergling x2  
  36  3:13  Overlord  
  36  3:18  Overlord  
  36  3:24  Overlord  
  36  3:32  Zergling x2  
  36  3:33  Drone  
  38  3:34  Roach  
  38  3:35  Roach  
  38  3:37  Drone  
  43  3:43  Roach  
  43  3:44  Drone  
  46  3:54  Zergling x2  
  48  3:55  Drone  
  48  4:00  Zergling x4, Roach  
  48  4:01  Drone  
  48  4:02  Zergling x2  
  54  4:03  Drone  
  54  4:04  Ravager  
  54  4:05  Ravager  
  54  4:09  Zergling x2  
  58  4:13  Drone  
  59  4:23  Overlord  
  59  4:37  Zergling x2  
  59  4:38  Overlord  
  60  4:40  Hatchery, Overlord x2  
  60  4:42  Drone  
  60  4:43  Drone  
  60  4:44  Drone  
  60  4:45  Drone  
  63  5:04  Spore Crawler  
  63  5:06  Spore Crawler  
  49  5:45  Zergling x6  
  49  5:46  Roach x3  
  54  5:55  Hatchery  
  46  5:59  Roach  
  48  6:11  Hatchery  
  47  6:13  Roach  
  47  6:15  Lair  
  47  6:17  Drone x3  
  47  6:18  Drone x2  
  54  6:20  Roach  
  54  6:24  Drone  
  54  6:25  Hatchery  
  56  6:34  Drone x2  
  56  6:35  Drone x2  
  56  6:38  Extractor  
  59  6:40  Extractor  
  59  6:44  Zergling x8  
  62  6:47  Drone x2  
  62  6:52  Evolution Chamber  
  63  6:57  Roach  
  65  7:08  Drone x5  
  70  7:19  Zerg Missile Weapons Level 1, Hydralisk Den  
  69  7:32  Spore Crawler  
  69  7:34  Drone, Spore Crawler  
  69  7:35  Drone x7  
  69  7:36  Roach x2  
  69  7:37  Roach x2  
  83  7:41  Glial Reconstitution  
  83  7:43  Drone x2  
  85  7:48  Drone x7  
  92  7:59  Hydralisk x3  
  92  8:01  Zergling x4  
  92  8:02  Zergling x4  
  92  8:05  Drone x3  
  104  8:06  Drone  
  106  8:21  Roach  
  106  8:22  Roach x3  
  106  8:24  Hatchery  
  96  8:48  Hatchery, Roach  
  85  8:49  Roach x4  
  85  8:50  Roach x5  
  101  8:58  Extractor  
  101  9:02  Spore Crawler  
  95  9:03  Extractor  
  95  9:04  Roach x3  
  95  9:08  Extractor  
  91  9:12  Hatchery  
  91  9:14  Hatchery  
  91  9:15  Roach  
  89  9:18  Drone x3, Hydralisk x3  
  89  9:19  Zergling x6  
  89  9:21  Zergling x2  
  98  9:30  Hydralisk x2  
  100  9:35  Drone x4  
  100  9:36  Roach x2  
  108  9:47  Hydralisk x3  
  108  9:49  Zergling x6  
  108  9:51  Overlord x2  
  116  10:00  Grooved Spines  
  110  10:22  Roach x3  
  110  10:25  Drone x9  
  110  10:26  Drone  
  110  10:28  Hydralisk x3  
  128  10:34  Drone x5  
  137  10:43  Zerg Ground Armor Level 1  
  137  10:46  Zergling x8  
  137  10:47  Lurker Den  
  140  10:50  Zergling x2  
  139  11:11  Hydralisk  
  139  11:13  Overlord x2  
  139  11:14  Overlord x7  
  139  11:15  Drone  
  142  11:19  Spore Crawler  
  142  11:21  Spine Crawler  
  142  11:23  Spore Crawler  
  142  11:24  Spine Crawler  
  138  11:26  Spine Crawler  
  138  11:28  Spore Crawler  
  138  11:29  Drone x3  
  138  11:30  Drone x3  
  138  11:31  Overlord x5  
  138  11:32  Overlord  
  142  11:38  Muscular Augments  
  142  11:42  Evolution Chamber  
  93  12:26  Roach x6  
  93  12:27  Roach x6  
  93  12:28  Drone x3, Roach  
  93  12:29  Hydralisk x8, Roach x2  
  128  12:30  Hydralisk  
  128  12:37  Lurker x2  
  138  12:38  Hydralisk  
  138  12:39  Hydralisk x2  
  138  12:40  Zergling x2  
  145  12:48  Drone x4  
  145  12:49  Drone  
  144  12:52  Extractor  
  144  12:55  Extractor  
  144  12:56  Extractor  
  141  13:07  Hydralisk x5  
  141  13:09  Zergling x6  
  141  13:11  Drone  
  141  13:12  Drone x7  
  162  13:13  Drone  
  162  13:15  Hydralisk x2  
  162  13:16  Roach x3  
  173  13:22  Zergling x12  
  173  13:23  Zergling x4  
  173  13:24  Hydralisk x2, Zergling x2  
  173  13:25  Hydralisk, Zergling x2  
  189  13:37  Zerg Melee Weapons Level 1  
  189  13:39  Infestation Pit  
  185  13:42  Zerg Missile Weapons Level 2  
  185  13:55  Lurker x2  
  184  13:56  Zergling x2  
  184  13:57  Zergling x16  
  184  13:58  Zergling x6  
  184  13:59  Drone  
  184  14:00  Drone x2  
  123  14:30  Hydralisk, Roach x7  
  123  14:31  Hydralisk x3  
  132  14:32  Zergling x2  
  132  14:33  Zergling x28  
  147  14:41  Roach  
  149  14:48  Drone x4  
  153  15:11  Hydralisk x2, Lurker x2  
  153  15:12  Hydralisk x8  
  153  15:13  Hydralisk x2  
  179  15:17  Hatchery  
  179  15:20  Hive  
  178  15:23  Hatchery  
  178  15:24  Zergling x4  
  178  15:25  Zergling x4  
  181  15:29  Hatchery  
  181  15:30  Hatchery  
  131  16:19  Zergling x6  
  131  16:20  Zergling x6  
  125  16:28  Roach  
  125  16:29  Roach x5  
  125  16:30  Hydralisk  
  125  16:31  Hydralisk x3  
  125  16:32  Zergling x8  
  148  16:33  Zergling x14  
  155  16:49  Overseer  
  155  16:54  Hatchery  
Show
View Real Time Build Order
Export as new Build Order

MawrsarH Protoss 

Build Orders: Oracle Opening 

Get SALT Encoding   

  12  0:01  Probe  
  13  0:13  Probe  
  14  0:24  Pylon  
  14  0:27  Probe  
  15  0:42  Probe  
  16  0:46  Gateway  
  16  0:51  Probe  
  16  0:55  Assimilator  
  17  0:59  Probe  
  18  1:07  Assimilator  
  18  1:09  Probe  
  19  1:21  Probe  
  20  1:33  Probe  
  20  1:34  Cybernetics Core  
  21  1:43  Gateway  
  21  1:49  Probe  
  22  1:57  Probe  
  22  2:01  Pylon  
  23  2:19  Probe, Stalker  
  23  2:21  Stargate  
  26  2:39  Warp Gate  
  26  2:55  Gateway  
  26  3:07  Stalker x2  
  30  3:14  Nexus  
  30  3:17  Pylon  
  30  3:28  Shield Battery  
  30  3:36  Oracle  
  33  3:46  Pylon  
  33  3:47  Pylon  
  33  4:06  Shield Battery  
  33  4:12  Probe, Pylon  
  34  4:18  Oracle  
  37  4:24  Probe  
  37  4:25  Forge  
  37  4:28  Probe  
  38  4:36  Probe x2  
  41  4:45  Probe  
  41  4:52  Probe  
  42  4:53  Probe  
  42  4:56  Protoss Ground Weapons Level 1  
  44  5:00  Probe  
  44  5:01  Probe  
  44  5:05  Pylon  
  46  5:08  Probe  
  46  5:12  Probe  
  48  5:14  Photon Cannon  
  48  5:23  Stalker  
  48  5:24  Stalker  
  51  6:11  Stalker x2  
  51  6:12  Stalker  
  51  6:17  Probe x2  
  57  6:20  Photon Cannon  
  57  6:21  Assimilator  
  57  6:24  Assimilator  
  57  6:25  Probe x2, Photon Cannon, Void Ray  
  65  6:35  Probe x2  
  65  6:36  Robotics Facility  
  68  6:47  Probe  
  68  7:26  Probe, Stalker x3  
  68  7:29  Probe  
  76  7:30  Immortal  
  76  7:34  Probe  
  76  7:41  Probe  
  76  7:43  Probe  
  76  7:44  Protoss Ground Armor Level 1  
  83  7:51  Twilight Council  
  83  7:53  Probe  
  84  8:04  Gateway x2  
  85  8:05  Probe  
  85  8:09  Observer  
  86  8:13  Nexus  
  86  8:15  Pylon  
  86  8:17  Pylon  
  86  8:21  Pylon  
  86  8:25  Pylon  
  86  8:27  Pylon  
  74  9:11  Stalker x5  
  76  9:39  Probe  
  76  9:42  Probe  
  76  9:43  Probe  
  79  9:47  Probe  
  79  9:50  Photon Cannon  
  80  9:54  Probe, Photon Cannon  
  80  9:55  Probe  
  80  9:56  Photon Cannon  
  80  9:57  Probe  
  83  10:00  Photon Cannon  
  83  10:02  Shield Battery  
  83  10:04  Shield Battery  
  83  10:07  Probe x2  
  84  10:09  Probe  
  84  10:13  Assimilator  
  86  10:17  Assimilator  
  86  10:19  Probe x2  
  88  10:39  Stalker x2  
  88  10:40  Stalker x3  
  88  10:41  Immortal  
  98  10:43  Protoss Ground Weapons Level 2  
  102  10:58  Robotics Bay  
  102  11:04  Forge  
  102  11:07  Fleet Beacon  
  102  11:18  Protoss Ground Armor Level 2  
  102  11:20  Immortal  
  102  11:23  Void Ray  
  110  11:31  Templar Archives  
  110  11:32  Protoss Air Weapons Level 1  
  79  12:30  Zealot x3  
  79  12:31  Zealot x2  
  64  12:54  Tempest  
  62  13:03  Immortal  
  67  13:17  Extended Thermal Lance  
  71  13:31  Colossus  
  71  13:37  Tempest  
  81  13:50  Protoss Ground Weapons Level 3  
  81  14:01  Protoss Ground Armor Level 3  
  81  14:06  Stalker x2  
  81  14:07  Stalker x3  
  75  14:26  Immortal  
  77  14:43  Stalker x4  
  77  14:44  Stalker  
  87  14:50  Tempest  
  92  14:53  Charge  
  92  15:01  Colossus  
  98  15:23  Zealot x3  
  98  15:24  Zealot x2  
  106  15:36  Tempest  
  65  15:54  Colossus  
Show
View Real Time Build Order
Export as new Build Order

syila Terran 

Build Orders: 2 Factory, Mech 

Get SALT Encoding   

  12  0:00  SCV  
  13  0:13  SCV  
  14  0:18  Supply Depot  
  14  0:25  SCV  
  15  0:40  SCV  
  15  0:42  Barracks  
  16  0:46  Refinery  
  16  0:52  SCV  
  17  1:04  SCV  
  18  1:16  SCV  
  19  1:28  SCV  
  19  1:29  Reaper  
  21  1:39  Command Center  
  21  1:43  SCV  
  22  1:53  Refinery  
  22  1:55  Supply Depot  
  22  2:00  SCV  
  23  2:19  Factory  
  23  2:26  Orbital Command  
  23  2:36  Barracks Tech Lab  
  23  2:42  Supply Depot  
  23  2:52  SCV  
  23  2:55  Orbital Command  
  24  3:06  Starport  
  24  3:19  SCV, Factory, Orbital Command  
  25  3:25  Cyclone  
  28  3:35  Supply Depot  
  28  3:49  Starport Reactor  
  28  3:55  SCV x2  
  30  3:57  Factory  
  30  4:07  SCV x2  
  32  4:11  Factory Tech Lab  
  32  4:16  Refinery  
  32  4:21  Refinery  
  31  4:32  SCV  
  31  4:33  SCV  
  33  4:39  Cyclone x2  
  33  4:45  SCV  
  40  4:51  SCV  
  41  4:57  SCV  
  42  5:01  Engineering Bay  
  42  5:03  SCV, Armory  
  42  5:05  Factory Reactor  
  43  5:09  SCV  
  43  5:10  Factory  
  43  5:13  Cyclone  
  47  5:25  Cyclone  
  47  5:27  SCV  
  40  5:36  SCV  
  40  5:39  SCV  
  39  5:45  Hellion x2, Infernal Pre-Igniter  
  39  5:48  SCV  
  41  5:51  SCV  
  40  6:00  Cyclone, SCV  
  40  6:01  Factory Reactor  
  44  6:21  SCV x2  
  46  6:26  Missile Turret  
  46  6:29  Missile Turret  
  46  6:32  Siege Tank  
  49  6:33  SCV x2  
  49  6:34  Missile Turret  
  49  6:37  Missile Turret  
  51  6:45  SCV x2  
  53  6:50  Supply Depot  
  53  6:51  Liberator  
  53  6:53  Liberator  
  59  6:57  SCV x2  
  61  7:08  Supply Depot  
  61  7:12  SCV, Hellion x3  
  61  7:14  SCV  
  69  7:16  Terran Vehicle Weapons Level 1  
  69  7:24  SCV  
  69  7:29  SCV  
  71  7:31  Siege Tank  
  71  7:35  Hellion x2  
  78  7:51  Supply Depot  
  78  7:53  Supply Depot  
  78  8:07  Supply Depot  
  78  8:13  Hellion x4  
  78  8:14  Liberator  
  89  8:24  Command Center  
  87  8:45  Hellion, Siege Tank  
  87  8:46  Cyclone, Hellion  
  87  8:48  Liberator  
  73  8:57  Liberator  
  76  9:06  Hellion  
  76  9:15  Supply Depot  
  74  9:17  Cyclone  
  74  9:18  Siege Tank  
  74  9:19  Supply Depot  
  73  10:13  Cyclone, Hellion, Siege Tank  
  82  10:14  Hellion x2  
  69  10:42  Factory  
  69  10:43  Factory  
  69  10:45  Cyclone, Factory, Siege Tank  
  69  10:47  Armory  
  75  10:57  Orbital Command  
  75  11:12  SCV x2  
  75  11:15  Terran Vehicle Weapons Level 2  
  75  11:17  Siege Tank  
  75  11:18  Cyclone  
  83  11:20  Refinery  
  83  11:24  SCV x2, Hellion x4  
  93  11:26  Mag-Field Accelerator  
  93  11:32  SCV  
  94  11:36  SCV x2  
  94  11:39  Factory Tech Lab x2  
  96  11:45  Hellion x2  
  85  11:49  Siege Tank  
  73  11:59  Hellion, Siege Tank x3  
  73  12:00  Hellion x2  
  79  12:07  Hellion x2  
  77  12:21  Hellion x3  
  77  12:22  Siege Tank  
  84  12:28  Hellion  
  79  12:31  Cyclone, Siege Tank  
  79  12:34  Siege Tank  
  79  12:35  Hellion  
  70  12:42  Hellion x3  
  76  12:49  Hellion  
  74  12:54  Cyclone  
  74  12:56  Hellion  
  77  13:03  Hellion, Siege Tank  
  82  13:05  Liberator  
  82  13:08  Liberator  
  83  13:35  SCV x2  
  78  13:47  SCV  
  79  13:48  Liberator  
  79  13:51  Liberator  
  85  14:01  Orbital Command  
  85  14:07  Factory Reactor  
  85  14:16  Hellion  
  56  14:31  Liberator  
  56  14:33  Cyclone, Hellion  
  56  14:34  Liberator  
  56  14:38  SCV  
  68  14:39  SCV  
  69  14:49  SCV  
  69  14:50  SCV  
  71  14:58  Hellion, Siege Tank  
  69  15:16  Liberator  
  69  15:17  Liberator  
  69  15:19  SCV  
  51  15:52  Cyclone x2, Hellion x2, Siege Tank x2  
  51  15:53  Hellion x4  
  72  15:59  Liberator  
  64  16:13  Hellion  
  64  16:14  Hellion x5  
  67  16:24  Cyclone x2, Siege Tank x2  
  70  16:35  Hellion x2  
Tags
 
Add a new tag
Caveats
  • Supply blocks, unpowered buildings, or Contaminate may cause inaccurate times.
  • Supply counts are checked every 10 seconds.